 Dungeon Crawl Stone Soup version 0.29.0-4-gdea44cf6ec (webtiles) character file.

Game seed: 80088681733446235

76 fingers the Trooper (level 4, -1/50 HPs)
             Began as an Ogre Berserker on Aug 26, 2022.
             Was a Believer of Trog.
             Succumbed to a scorpion's poison
             ... on level 3 of the Dungeon.
             The game lasted 00:05:28 (1469 turns).

fingers the Trooper (Ogre Berserker)                Turns: 1469, Time: 00:05:28

Health: -1/50      AC:  4    Str: 23    XL:     4   Next: 32%
Magic:  4/4        EV: 10    Int:  8    God:    Trog [**....]
Gold:   121        SH:  0    Dex: 14    Spells: 3/3 levels left

rFire   . . .      SeeInvis .   a - +0 hand axe
rCold   . . .      Faith    .   (no shield)
rNeg    . . .      Spirit   .   p - +1 robe of the Dice {Dex+6}
rPois   .          Reflect  .   (helmet restricted)
rElec   .          Harm     .   (no cloak)
rCorr   .          Rampage  .   (gloves unavailable)
Will    .....                   (boots unavailable)
Stlth   +.........              c - amulet of regeneration
HPRegen 0.96/turn               (no ring)
MPRegen 0.09/turn               (no ring)

@: lethally poisoned (-1 -> -15), on berserk cooldown, slowed, very slow
A: large, unfitting armour, tough skin 1
a: Renounce Religion, Berserk, Trog's Hand


You were on level 3 of the Dungeon.
You worshipped Trog.
Trog was pleased with you.
You visited 1 branch of the dungeon, and saw 3 of its levels.

You collected 121 gold pieces.

Inventory:

Hand Weapons
 a - a +0 hand axe (weapon)
Armour
 b - a +0 animal skin
 p - the +1 robe of the Dice (worn) {Dex+6}
   (You found it on level 3 of the Dungeon)

   Dex:       It affects your dexterity (+6).
Jewellery
 c - an amulet of regeneration (around neck)
Scrolls
 d - a scroll of teleportation {unknown}
 e - a scroll of blinking {unknown}
 i - 3 scrolls of butterflies {unknown}
 l - a scroll of identify {unknown}
 n - a scroll of vulnerability {unknown}
Potions
 f - a potion of flight {unknown}
 g - a potion of berserk rage {unknown}
 h - a potion of magic {unknown}
 j - 2 potions of heal wounds {unknown}
 k - 2 potions of ambrosia {unknown}
 m - a potion of curing {unknown}
 o - a potion of brilliance {unknown}


   Skills:
 + Level 5.0 Fighting
 + Level 3.9 Axes
 + Level 3.2 Dodging
 + Level 0.1 Stealth


You had 3 spell levels left.
You didn't know any spells.
Your spell library was empty.

Dungeon Overview and Level Annotations

Branches:
Dungeon (3/15)

Altars:


Innate Abilities, Weirdness & Mutations

You are too large for most types of armour.
You have tough skin. (AC +1)


Message History

You closely miss the scorpion.
You feel very sick. The scorpion closely misses you.
The orc hits you with a +0 flail. The orc hits you with a +0 short sword.
The scorpion stings you.
You are more poisoned.
The scorpion poisons you!
You slash the orc!
You kill the orc!
Trog accepts your kill.
You hit the orc.
You kill the orc!
Trog accepts your kill.
You hit the scorpion but do no damage.
You feel very sick. The scorpion barely misses you. The scorpion misses you.
The orc hits you but does no damage.
You closely miss the orc. You hit the scorpion but do no damage.
You feel very sick.
The scorpion stings you but does no damage.
The orc closely misses you. The scorpion misses you.
You feel sick. The orc barely misses you. The scorpion stings you.
You are more poisoned.
The scorpion poisons you! The orc hits you with a +0 hand axe.
The scorpion stings you but does no damage.
You see here a +0 short sword.
You slash the scorpion!
The scorpion is heavily wounded.
You hit the orc but do no damage.
You feel very sick. The scorpion stings you.
* * * LOW HITPOINT WARNING * * *
You are lethally poisoned!
The scorpion poisons you! The orc hits you with a +0 hand axe.
* * * LOW HITPOINT WARNING * * *
The scorpion stings you.
* * * LOW HITPOINT WARNING * * *
You hit the scorpion but do no damage.
The scorpion is heavily wounded.
You hit the orc.
You die...

....................#
#####†.#.#..##........##
###....†.#...####......##
#...####........########
......#####...#.##
.......## #.#....#
....)...##..##...### ##
........##.####....##....
........##.####.@.)......
........##.##...so###....
......>.......###.# !..
.......###.######.# #
......## #.........
.).#######....# #..#
.#.####.....<## #.##
.#......#...## #.#
.#..####...## #.#


You could see a scorpion and an orc.

Vanquished Creatures
  2 adders (D:2)
  A dart slug (D:1)
  4 orcs (D:3)
  4 endoplasms
  3 giant cockroaches (D:1)
  A goblin (D:3)
  2 hobgoblins (D:1)
  15 jackals
  4 ball pythons
  A bat (D:1)
  A frilled lizard (D:1)
  5 kobolds
  3 rats
46 creatures vanquished.

Notes
Turn   | Place    | Note
-------+----------+-------------------------------------------
     0 | D:1      | fingers the Ogre Berserker began the quest for the Orb.
     0 | D:1      | Reached XP level 1. HP: 24/24 MP: 1/1
   339 | D:1      | Reached XP level 2. HP: 32/32 MP: 2/2
   481 | D:1      | Reached XP level 3. HP: 35/40 MP: 3/3
   660 | D:1      | Reached ** piety under Trog
  1131 | D:2      | Reached XP level 4. HP: 49/49 MP: 4/4
  1324 | D:3      | Identified the +1 robe of the Dice {Dex+6}
  1426 | D:3      | Reached skill level 5 in Fighting
  1454 | D:3      | Noticed a scorpion
  1469 | D:3      | Succumbed to a scorpion's poison

Illustrated notes

Levels and vault maps discovered:
D:1:      mrwooster_arrival_statue_3, layout_rooms, minmay_3d_cube
D:2:      layout_rooms
D:3:      layout_rooms

Skill      XL: |  1  2  3  4 |
---------------+-------------+-----
Dodging        | 3 |  3.2
Fighting       | 5 |  5.0
Axes           | |  3.9
Stealth        | |  0.1

Action                   |  1- 3 |  4- 6 || total
-------------------------+-------+-------++-------
Melee: Hand axe          |   114 |    39 ||   153
Invok: Berserk           |     1 |     1 ||     2
Armor: Animal skin       |    48 |     1 ||    49
       Robe              |       |    20 ||    20
Dodge: Dodged            |    68 |    58 ||   126
